Map: Eternal Empire LE

Players

HeroMarine - Winner!

  • Race: Terran Terran
  • League: Master
  • Spawn Location: 7:00

Namshar

  • Race: Zerg Zerg
  • League: Master
  • Spawn Location: 1:00

Event: StayAtHomestory Cup #2

VOD

Have the link to the VOD?

Description

Time

  • Played on: June 11, 2020, 12:03 p.m.
  • Length: 14:27
Show
View Real Time Build Order
Export as new Build Order

HeroMarine Terran - Winner!

Build Orders: Reaper Expand 

Get SALT Encoding   

  12  0:00  SCV  
  13  0:12  SCV  
  14  0:17  Supply Depot  
  14  0:24  SCV  
  15  0:39  SCV  
  15  0:40  Barracks  
  16  0:43  Refinery  
  16  0:51  SCV  
  17  1:03  SCV  
  18  1:15  SCV  
  19  1:27  Reaper  
  19  1:28  Orbital Command  
  20  1:40  Command Center  
  20  1:49  Supply Depot  
  20  1:53  SCV  
  21  1:59  Reaper  
  22  2:05  SCV  
  23  2:12  Bunker  
  23  2:17  SCV  
  24  2:23  Factory  
  24  2:29  SCV  
  25  2:40  Barracks Reactor  
  25  2:42  SCV  
  26  2:51  Command Center  
  26  2:54  SCV  
  26  2:57  Orbital Command  
  27  3:06  SCV  
  28  3:18  SCV  
  29  3:21  Refinery  
  29  3:22  Barracks Tech Lab  
  29  3:23  Hellion x2  
  33  3:30  SCV  
  33  3:31  SCV  
  35  3:41  Marine, Stimpack  
  33  3:42  SCV  
  33  3:43  SCV  
  33  3:45  Hellion x2  
  40  3:54  SCV  
  40  3:55  SCV  
  42  3:59  Marine  
  42  4:00  Barracks  
  43  4:04  Orbital Command  
  43  4:06  SCV  
  43  4:07  SCV  
  43  4:09  Barracks  
  45  4:14  Factory Reactor  
  45  4:17  Marine  
  45  4:18  SCV  
  45  4:19  SCV  
  48  4:26  Engineering Bay x2  
  48  4:27  Supply Depot  
  48  4:32  SCV x3  
  48  4:35  Marine  
  52  4:44  SCV x3  
  55  4:50  Starport  
  55  4:52  Terran Infantry Armor Level 1, Terran Infantry Weapons Level 1  
  55  4:55  Factory Reactor, Supply Depot  
  55  4:56  SCV  
  55  4:57  SCV x2, Refinery  
  55  4:59  Marine x2  
  60  5:01  Marine  
  60  5:02  Marine  
  60  5:05  Marine  
  63  5:08  SCV  
  63  5:09  SCV  
  65  5:15  Orbital Command  
  65  5:17  Marine x2  
  65  5:19  Marine  
  65  5:20  SCV, Marine  
  71  5:21  SCV  
  71  5:23  Refinery  
  71  5:24  Marine  
  71  5:25  Combat Shield  
  72  5:33  SCV x2  
  72  5:35  Marine x2  
  76  5:37  Marine  
  77  5:44  Supply Depot  
  77  5:45  Supply Depot  
  77  5:49  Supply Depot  
  77  5:54  Factory Reactor  
  77  5:56  Barracks  
  77  5:57  Barracks  
  77  6:05  Marine  
  77  6:06  SCV x3, Marine x4, Medivac x2  
  89  6:18  SCV x3  
  92  6:19  Armory  
  92  6:23  Marine  
  92  6:24  Marine x4  
  97  6:25  Supply Depot  
  97  6:29  Supply Depot  
  97  6:30  SCV x3, Supply Depot  
  100  6:41  Marine  
  100  6:43  SCV x3, Medivac x2  
  100  6:44  Marine  
  100  6:45  Barracks Reactor x2  
  109  6:47  Marine x3  
  112  6:54  Supply Depot  
  112  6:55  SCV x3, Supply Depot x2  
  112  6:59  Marine  
  116  7:02  Marine  
  117  7:13  Barracks, Marine x2  
  117  7:14  Marine, Medivac x2  
  117  7:15  Barracks  
  122  7:16  Barracks  
  122  7:24  Marine  
  122  7:25  Marine x3  
  122  7:26  Marine, Widow Mine, Supply Depot  
  122  7:27  Terran Infantry Weapons Level 2, Widow Mine  
  122  7:29  Terran Infantry Armor Level 2  
  131  7:31  Marine  
  131  7:32  Marine  
  131  7:34  Marine x2  
  135  7:42  Marine  
  135  7:43  Marine, Supply Depot  
  137  7:45  Terran Vehicle And Ship Armor Level 1  
  137  7:48  Widow Mine x2  
  137  7:50  Marine x2  
  135  7:54  Marine x3  
  138  8:01  Marine x2  
  138  8:02  Barracks Tech Lab x3  
  139  8:09  Command Center, Widow Mine x2  
  139  8:10  Medivac  
  139  8:11  Marine x2, Medivac  
  139  8:12  Marine x3  
  152  8:22  Marauder x2  
  152  8:23  Marine, Concussive Shells, Marauder  
  159  8:29  Supply Depot  
  159  8:30  Supply Depot  
  159  8:33  Marauder  
  161  8:35  Marine x2  
  161  8:39  Widow Mine x2  
  161  8:40  Medivac  
  161  8:41  Medivac  
  171  8:44  Marauder  
  170  8:53  Marine x4, Marauder x2  
  170  8:54  Marine x3  
  170  8:55  Marauder  
  175  9:01  Marine, Widow Mine x2  
  174  9:05  Marauder  
  171  9:10  Marine x2  
  171  9:11  Marine x2  
  171  9:12  Marine x3  
  171  9:14  Marauder x2  
  171  9:16  Marauder  
  179  9:21  Marine  
  179  9:22  Widow Mine, Medivac  
  179  9:23  Widow Mine  
  183  9:25  SCV x2  
  183  9:26  SCV, Marauder  
  183  9:28  Marine  
  183  9:31  Marine x2  
  182  9:35  Marauder  
  182  9:36  Marauder  
  182  9:37  Marauder  
  190  9:39  Marine x3  
  190  9:42  Marine  
  190  9:43  Widow Mine  
  196  9:47  Marine x2  
  196  9:48  Marauder  
  200  10:01  Planetary Fortress  
  200  10:05  Refinery  
  200  10:06  Terran Infantry Weapons Level 3  
  200  10:18  Marine x2, Marauder  
  199  10:21  Marine  
  199  10:23  Marine x2  
  196  10:30  Terran Infantry Armor Level 3  
  185  10:37  Marine x2, Marauder  
  173  10:44  Marauder  
  173  10:45  Marine  
  173  10:48  Marine x2, Marauder x2  
  173  10:49  Widow Mine  
  172  10:50  Widow Mine  
  172  10:52  Marine x2  
  172  10:55  Marine x2  
  174  10:58  Marauder  
  174  11:00  Command Center  
  174  11:01  Marine  
  174  11:02  Marine  
  174  11:06  Marine, Marauder  
  174  11:07  Marine  
  174  11:09  Marine, Marauder  
  174  11:10  Marauder  
  174  11:11  Widow Mine x2  
  180  11:13  Marine  
  180  11:14  Marine x2  
  183  11:19  Marine, Marauder  
  183  11:20  Marine  
  183  11:23  Marine, Command Center  
  183  11:25  Marine  
  172  11:27  Marine, Marauder  
  172  11:31  Marine, Marauder x2  
  172  11:32  Marine  
  182  11:34  Marine  
  182  11:37  Marine  
  182  11:38  Marine  
  180  11:41  Marine, Marauder  
  180  11:44  Medivac x2  
  180  11:45  Ghost Academy  
  187  11:49  Marauder  
  187  11:50  Marine x2  
  187  11:51  Marine  
  187  11:52  Marauder x2  
  184  12:02  Marauder  
  184  12:03  Marine x2  
  184  12:05  Marine x2  
  186  12:10  Marine, Marauder  
  186  12:12  Marine  
  186  12:13  Marine x2  
  186  12:14  Medivac x2, Marauder x2  
  192  12:22  Marine x2  
  186  12:24  Marauder  
  188  12:31  Marauder  
  188  12:35  Marauder x2  
  193  12:43  Marine x6  
  187  12:44  Marine  
  187  12:45  Marauder  
  187  12:46  Widow Mine x2, Medivac x2  
  187  12:48  Marine  
  195  12:53  Marauder  
  195  12:56  Marauder  
  199  13:01  Marine x3  
  199  13:02  Orbital Command  
  199  13:03  Starport, Planetary Fortress  
  199  13:04  Starport  
  183  13:06  Marauder x2  
  183  13:10  Marine x3  
  183  13:11  Marine  
  183  13:12  Marine  
  189  13:14  Marauder  
  189  13:18  Marine, Marauder  
  189  13:19  Marine x2  
  176  13:27  Ghost, Marine  
  176  13:28  Marine x2  
  176  13:29  Refinery  
  176  13:30  SCV  
  176  13:32  SCV x2, Refinery  
  176  13:33  SCV  
  178  13:36  Marauder  
  178  13:39  Marauder  
  182  13:46  Marauder  
  184  13:53  Marine x3  
  184  13:54  Marine x2  
  184  13:55  Ghost, Unknown  
  189  13:57  Marine, Marauder  
  189  13:59  Marine x2  
  189  14:01  Marauder  
Show
View Real Time Build Order
Export as new Build Order

Namshar Zerg 

Build Orders: Hatch First, Lurkers 

Get SALT Encoding   

  12  0:00  Drone  
  13  0:12  Overlord  
  13  0:17  Drone  
  14  0:30  Drone x2  
  16  0:48  Hatchery  
  15  0:51  Drone  
  15  0:55  Drone  
  17  0:58  Drone  
  18  1:09  Extractor  
  17  1:14  Spawning Pool  
  17  1:17  Drone  
  17  1:20  Drone  
  18  1:28  Drone  
  19  1:39  Drone  
  20  1:49  Overlord  
  20  2:00  Queen x2  
  25  2:01  Zergling x4  
  26  2:08  Metabolic Boost  
  26  2:11  Drone  
  26  2:12  Drone  
  28  2:24  Overlord  
  28  2:26  Drone  
  29  2:35  Drone x2  
  29  2:36  Queen  
  33  2:47  Drone  
  33  2:48  Drone  
  35  2:56  Zergling x4  
  35  2:57  Queen  
  39  3:07  Zergling x4  
  39  3:12  Queen  
  43  3:15  Overlord  
  43  3:16  Overlord  
  43  3:17  Drone  
  42  3:42  Drone x5  
  42  3:46  Drone x5  
  52  3:50  Hatchery  
  52  3:53  Queen  
  53  3:57  Overlord  
  53  3:59  Drone  
  54  4:04  Overlord  
  54  4:10  Drone x2  
  54  4:13  Baneling Nest  
  55  4:17  Extractor, Drone x2  
  55  4:18  Drone x2  
  58  4:25  Lair  
  58  4:27  Drone x3  
  61  4:33  Overlord  
  61  4:37  Drone x2  
  63  4:42  Overlord  
  63  4:47  Evolution Chamber  
  63  4:48  Evolution Chamber, Drone x4  
  65  4:53  Overlord  
  65  4:55  Drone x2  
  65  4:58  Drone x2  
  69  5:06  Drone x2  
  70  5:15  Hatchery  
  70  5:17  Zergling x6  
  71  5:21  Zerg Ground Armor Level 1  
  71  5:26  Drone  
  71  5:27  Extractor, Drone  
  71  5:28  Drone x3  
  75  5:34  Drone x3  
  78  5:38  Centrifical Hooks  
  78  5:43  Drone, Overlord  
  78  5:44  Extractor  
  78  5:46  Drone  
  78  5:47  Zergling x6  
  82  5:50  Hatchery  
  82  5:53  Zergling x6  
  82  5:54  Queen  
  86  5:58  Baneling  
  86  5:59  Baneling x5  
  86  6:09  Zerg Melee Weapons Level 1  
  86  6:13  Zergling x18  
  95  6:20  Drone x3  
  98  6:28  Drone  
  98  6:29  Overlord  
  98  6:30  Hydralisk Den  
  98  6:34  Drone x5  
  98  6:35  Queen  
  98  6:38  Overlord  
  98  6:39  Overlord  
  105  6:41  Overlord  
  105  6:42  Drone x2  
  105  6:43  Drone x2  
  105  6:44  Drone x2  
  111  6:47  Baneling x12  
  111  6:51  Overseer  
  111  6:56  Drone  
  111  6:58  Extractor  
  111  7:01  Drone x2  
  113  7:02  Drone  
  113  7:03  Zergling x10  
  113  7:07  Zergling x2  
  113  7:08  Zergling x6  
  119  7:11  Queen  
  119  7:14  Muscular Augments  
  119  7:23  Drone, Unknown  
  119  7:24  Drone x2, Overlord  
  119  7:25  Overlord  
  121  7:30  Zergling x12  
  121  7:31  Hatchery  
  126  7:38  Zergling x2  
  126  7:39  Zergling x16  
  126  7:41  Baneling x7  
  126  7:44  Zergling x6  
  138  7:51  Zergling x12, Baneling x6  
  133  8:12  Evolution Chamber  
  132  8:13  Queen  
  132  8:15  Drone x5  
  132  8:18  Spore Crawler x2  
  132  8:19  Overlord x2  
  137  8:24  Hydralisk x9  
  137  8:26  Overlord, Grooved Spines  
  155  8:33  Drone  
  156  8:39  Zerg Ground Armor Level 2  
  152  8:54  Zergling x36  
  166  8:57  Queen  
  166  8:58  Hatchery  
  167  9:06  Pneumatized Carapace  
  167  9:09  Extractor  
  162  9:10  Infestation Pit  
  156  9:18  Zergling x8, Hydralisk  
  156  9:19  Zergling x10  
  156  9:26  Hydralisk  
  156  9:27  Zergling x12  
  147  9:35  Zergling x10  
  147  9:38  Baneling x13  
  148  9:42  Zergling x12  
  152  9:46  Queen  
  152  9:47  Baneling x2  
  152  9:48  Zerg Melee Weapons Level 2  
  152  9:52  Hive  
  154  9:54  Drone  
  154  9:55  Drone  
  154  9:56  Drone, Lurker Den  
  155  10:01  Zergling x2, Hydralisk  
  155  10:02  Zergling x6  
  155  10:03  Overseer x2  
  155  10:05  Baneling x4  
  155  10:06  Baneling x6  
  161  10:08  Hydralisk  
  161  10:09  Zergling x12  
  167  10:18  Hydralisk  
  167  10:19  Zergling x8  
  154  10:24  Zergling x2, Hydralisk  
  154  10:25  Zergling x14  
  162  10:34  Hydralisk  
  162  10:35  Zergling x8  
  157  10:38  Hydralisk  
  139  10:45  Hydralisk  
  139  10:46  Zergling x6  
  142  10:52  Hydralisk  
  142  10:56  Hydralisk x4  
  150  10:57  Spawning Pool  
  150  11:00  Hatchery  
  141  11:10  Hydralisk  
  141  11:11  Hydralisk x5  
  151  11:29  Hydralisk x4  
  159  11:32  Baneling  
  157  11:41  Seismic Spines  
  157  11:52  Queen x2  
  153  11:54  Overlord x4  
  138  12:04  Hydralisk x2  
  138  12:05  Zergling x22  
  151  12:12  Evolution Chamber  
  151  12:14  Evolution Chamber, Spawning Pool  
  144  12:23  Lurker  
  144  12:24  Lurker x10  
  144  12:26  Lurker  
  156  12:35  Hydralisk x3  
  160  12:38  Adaptive Talons  
  160  12:43  Hydralisk  
  160  12:44  Hydralisk x3  
  148  12:58  Hydralisk  
  148  12:59  Zergling x22  
  147  13:22  Hydralisk x9  
  157  13:30  Baneling Nest  
  157  13:33  Lurker  
  157  13:34  Lurker x2  
  144  13:51  Hatchery  
  144  13:55  Zergling x2, Hydralisk x2  
  130  13:56  Zergling x10  
  125  14:09  Zergling x2  
  101  14:10  Zergling x4  
Tags
 
Add a new tag
Caveats
  • Supply blocks, unpowered buildings, or Contaminate may cause inaccurate times.
  • Supply counts are checked every 10 seconds.